 Seeded DCSS version 0.28-a0-794-gafe8c5f9e9 (webtiles) character file.

Game seed: 20211106 (custom seed)

41190 a11behringer the Peltast (level 13, 0/119 HPs)
             Began as a Minotaur Fighter on Nov 6, 2021.
             Was a High Priest of Trog.
             Slain by a cane toad (6 damage)
             ... on level 6 of the Lair of Beasts.
             The game lasted 01:00:10 (11327 turns).

a11behringer the Peltast (Minotaur Fighter)        Turns: 11327, Time: 01:00:12

Health: 0/119      AC: 25    Str: 23    XL:     13   Next: 78%
Magic:  12/12      EV: 11    Int:  8    God:    Trog [*****.]
Gold:   328        SH: 17    Dex: 19    Spells: 12/12 levels left

rFire   + + .      SeeInvis +   P - +2 long sword (flame)
rCold   + . .      Faith    .   U - +1 kite shield {rF+}
rNeg    . . .      Spirit   .   a - +3 plate armour {rC+}
rPois   .          Reflect  .   I - +0 hat {Int+3}
rElec   .          Harm     .   s - +1 cloak
rCorr   .          Rampage  .   C - +1 pair of gloves
Will    ++...                   D - +0 pair of boots
Stlth   ..........              o - amulet of regeneration
HPRegen 2.29/turn               N - +6 ring of dexterity
MPRegen 0.13/turn               R - ring of Xymipsec {rF+ EV+4 SInv Stlth-}

@: lethally poisoned (0 -> 0), about to teleport, strong-willed, on berserk
cooldown, regenerating, slowed, very slow
A: horns 2, retaliatory headbutt
a: Renounce Religion, Berserk, Trog's Hand, Brothers in Arms


You were on level 6 of the Lair of Beasts.
You worshipped Trog.
Trog was extremely pleased with you.
You visited 2 branches of the dungeon, and saw 14 of its levels.
You also visited: Ossuary and Ice Cave.

You collected 755 gold pieces.
You spent 427 gold pieces at shops.

Inventory:

Hand Weapons
 l - a +5 demon blade of freezing
 n - a +0 longbow of freezing
 G - the +6 long sword of the Coward {chaos, rC- Will++}
   (You subdued it on level 3 of the Lair of Beasts)

   Each time it hits an enemy it has a different, random effect.
   rC:        It makes you vulnerable to cold.
   Will:      It greatly increases your willpower.
 J - a +6 vorpal long sword
 P - a +2 long sword of flaming (weapon)
 T - a +0 vampiric scimitar
 W - a +1 shortbow of flaming
Missiles
 f - 5 silver javelins (quivered)
 i - 241 arrows
 y - 5 throwing nets
Armour
 a - a +3 plate armour of cold resistance (worn)
 p - a +2 tower shield of protection
 s - a +1 cloak (worn)
 v - a +2 crystal plate armour of cold resistance
 C - a +1 pair of gloves (worn)
 D - a +0 pair of boots (worn)
 I - a +0 hat of intelligence (worn)
 Q - a +0 troll leather armour
 U - a +1 kite shield of fire resistance (worn)
Jewellery
 g - an amulet of reflection
 o - an amulet of regeneration (around neck)
 q - a +4 ring of evasion
 z - a ring of flight
 L - a +4 ring of evasion
 N - a +6 ring of dexterity (left hand)
 R - the ring of Xymipsec (right hand) {rF+ EV+4 SInv Stlth-}
   (You found it on level 8 of the Dungeon)

   [ring of evasion]

   EV:        It affects your evasion (+4).
   rF:        It protects you from fire.
   SInv:      It lets you see invisible.
   Stlth:     It makes you less stealthy.
 Y - a ring of protection from cold
Wands
 c - a wand of iceblast (12)
 m - a wand of mindburst (24)
 x - a wand of flame (72)
 E - a wand of paralysis (19)
Scrolls
 e - 2 scrolls of identify
 h - 3 scrolls of immolation
 u - 4 scrolls of teleportation
 B - a scroll of blinking
 H - a scroll of fear
 K - a scroll of fog
 O - a scroll of holy word
Potions
 b - a potion of mutation
 d - a potion of cancellation
 j - 4 potions of lignification
 k - 3 potions of berserk rage
 r - 7 potions of curing
 t - 3 potions of might
 w - 5 potions of attraction
 A - 3 potions of heal wounds
 F - a potion of flight
 M - a potion of brilliance
 S - a potion of invisibility
 X - a potion of resistance {unknown}
 Z - a potion of haste
Miscellaneous
 V - a box of beasts


   Skills:
 + Level 12.4 Fighting
 + Level 17.4 Long Blades
 - Level 5.5 Bows
 + Level 12.2 Armour
 * Level 18.7 Shields


You had 12 spell levels left.
You didn't know any spells.
Your spell library contained the following spells:

 Spells                   Type           Power      Damage    Failure   Level
 Beastly Appendage        Tmut           0%         N/A       99%         1
 Corpse Rot               Necr/Air       0%         N/A       100%        2
 Wereblood                Tmut           0%         N/A       100%        2
 Spider Form              Tmut/Pois      0%         N/A       100%        3
 Dispel Undead            Necr           0%         3d6       100%        4
 Death Channel            Necr           0%         N/A       100%        6


Dungeon Overview and Level Annotations

Branches:
Dungeon (9/15)             Temple (0/1) D:7            Lair (4/6) D:9
 Shoals (0/4) Lair:3        Snake (0/4) Lair:3          Orc (0/2) D:9
Ossuary (visited)           IceCv (visited)

Altars:
Elyvilon
Fedhas
Makhleb
Nemelex Xobeh
Okawaru
Trog
Wu Jian
Xom
Yredelemnul
The Shining One

Shops:
D:5 ***

Annotations:
Lair:1 3 runed translucent doors, Ecyzas's ghost, journeyman TeCj


Innate Abilities, Weirdness & Mutations

You have a pair of horns on your head.
You reflexively headbutt those who attack you in melee.


Message History

You slash the bullfrog! You burn the bullfrog.
You feel the power of Trog in you as your rage grows.
You kill the bullfrog!
Trog accepts your kill.
You feel sick. You block the cane toad's attack. The cane toad stings you.
* * * LOW HITPOINT WARNING * * *
You are more poisoned.
The cane toad poisons you! The bullfrog barely misses you.
You block the vampire mosquito's attack.
You feel very sick.
A nearby plant withers and dies.
The blink frog blinks!
You block the blink frog's attack. You block the bullfrog's attack.
The cane toad barely misses you.
You feel a strong urge to attack something.
You are no longer berserk.
You are exhausted.
You feel yourself slow down.
You feel sick. The cane toad stings you.
* * * LOW HITPOINT WARNING * * *
Really read the scroll of immolation?
As you read the scroll of immolation, it crumbles to dust.
The creatures around you are filled with an inner flame!
You feel very sick. You block the cane toad's attack.
You block the blink frog's attack.
The cane toad stings you but does no damage.
You block the cane toad's attack. You block the blink frog's attack.
You block the bullfrog's attack.
As you read the scroll of teleportation, it crumbles to dust.
You feel strangely unstable.
You feel very sick. The cane toad misses you. You furiously retaliate!
You headbutt the cane toad, but do no damage.
The cane toad barely misses you. x2; The blink frog blinks!
You block the vampire mosquito's attack.
The blink frog hits you!
* * * LOW HITPOINT WARNING * * *
The blink frog blinks!
The cane toad closely misses you. The cane toad stings you.
* * * LOW HITPOINT WARNING * * *
The cane toad stings you.
You die...

P≈≈ P≈####### ≈≈
P≈≈≈PP.#### ≈≈P≈
#≈≈≈≈≈≈≈≈.## P≈≈≈##
≈≈≈≈≈P≈≈≈≈.
≈≈≈≈≈≈≈## ≈≈≈≈≈≈≈≈≈.
≈≈≈≈≈≈≈≈###≈≈≈≈≈....
≈≈P≈≈≈≈≈#≈≈FFy.≈...≈
.....≈≈≈≈≈†F@....≈.≈
...≈.F.....§F..≈....
#.≈≈≈.....≈.F.......
....................
....................
....................
...$................
.........F†.........
...[...............


You could see 3 cane toads, 2 blink frogs, a vampire mosquito (inner flame) and
2 bullfrogs.

Vanquished Creatures
  Gastronok (D:8)
  6 hydras
  The ghost of Esoa the Hand of Shadow, a journeyman DsMo of Dithmenos (Lair:3)
  Harold (D:8)
  A dancing weapon (Lair:3)
  A two-headed ogre (D:9)
  2 tengu warriors (D:8)
  A deep elf pyromancer (D:8)
  3 cyclopes (D:8)
  2 ugly things (IceCv)
  2 manticores
  2 ice statues (IceCv)
  A black mamba (Lair:3)
  11 elephants
  A gargoyle (D:8)
  7 cane toads
  7 komodo dragons
  An unseen horror (D:8)
  4 rime drakes
  2 trolls
  A wind drake (Lair:3)
  2 hornets
  6 blink frogs
  7 dream sheep (Lair:4)
  Sigmund (D:6)
  A shadow (D:8)
  43 yaks
  4 wyverns
  Eustachio (D:4)
  2 steam dragons
  A wraith (D:8)
  A basilisk (Lair:2)
  A vampire mosquito (Lair:6)
  3 nagas (Lair:3)
  A death yak simulacrum (IceCv)
  A harpy simulacrum (IceCv)
  7 water moccasins
  7 orc warriors
  3 sky beasts
  4 ice beasts
  2 necrophages
  2 ogres
  12 wolves
  6 centaurs
  A phantom (D:4)
  17 bullfrogs
  6 kobold brigands
  3 scorpions
  4 elf zombies (Ossuary)
  5 gnoll sergeants
  3 cane toad simulacra (IceCv)
  An elephant simulacrum (IceCv)
  2 killer bees (D:8)
  An electric eel (Lair:6)
  5 wights (D:8)
  2 howler monkeys (D:8)
  A bullfrog zombie (D:5)
  A centaur zombie (Ossuary)
  A centaur skeleton (D:6)
  2 gnoll shamans
  A human zombie (Ossuary)
  3 orc priests
  A hound (D:6)
  Crazy Yiuf (D:3)
  3 iguanas
  9 orc wizards
  3 mummies
  3 howler monkey zombies
  16 gnolls
  9 adders
  14 white imps
  A worm (D:2)
  4 dart slugs
  34 orcs
  4 ball pythons
  3 bats
  8 endoplasms
  A giant cockroach (D:3)
  5 goblins
  5 hobgoblins
  7 jackals
  2 quokkas
  3 goblin zombies
  13 hobgoblin zombies
  3 jackal zombies (Ossuary)
  18 kobolds
  8 kobold zombies (Ossuary)
  6 orc zombies (Ossuary)
  6 rats
425 creatures vanquished.

Vanquished Creatures (collateral kills)
  A bullfrog (D:8)
1 creature vanquished.

Vanquished Creatures (others)
  6 fungi
  32 plants
38 creatures vanquished.

Grand Total: 464 creatures vanquished

Notes
Turn   | Place    | Note
-------+----------+-------------------------------------------
     0 | D:1      | a11behringer the Minotaur Fighter began the quest for the
                  | Orb.
     0 | D:1      | Reached XP level 1. HP: 19/19 MP: 0/0
   178 | D:1      | Reached XP level 2. HP: 27/27 MP: 1/1
   680 | D:1      | Reached XP level 3. HP: 29/33 MP: 2/2
   833 | D:2      | Reached skill level 4 in Shields
  1003 | D:2      | Identified a scroll of acquirement
  1003 | D:2      | Acquired a +4 demon blade of freezing
  1066 | D:2      | Found a faded altar of an unknown god.
  1070 | D:2      | Prayed at the altar of an unknown god.
  1070 | D:2      | Became a worshipper of Elyvilon the Healer
  1070 | D:2      | Reached * piety under Elyvilon
  1076 | D:2      | Fell from the grace of Elyvilon
  1242 | D:3      | Reached XP level 4. HP: 40/40 MP: 3/3
  1709 | D:3      | Found a shimmering altar of Xom.
  1712 | D:3      | Found a bloodstained altar of Trog.
  1737 | D:3      | Became a worshipper of Trog the Wrathful
  1825 | D:3      | Reached XP level 5. HP: 46/46 MP: 4/4
  1837 | D:3      | Found a runed translucent door.
  1838 | D:3      | Noticed Crazy Yiuf
  1842 | D:3      | Killed Crazy Yiuf
  1843 | D:3      | Reached skill level 5 in Long Blades
  1903 | D:3      | Noticed a steam dragon
  1913 | D:3      | Killed a steam dragon
  1914 | D:3      | Reached XP level 6. HP: 10/53 MP: 5/5
  2062 | D:4      | Found an ornate altar of the Wu Jian Council.
  2323 | D:4      | Reached * piety under Trog
  2326 | D:4      | Reached skill level 5 in Armour
  2456 | D:4      | Noticed Eustachio
  2482 | D:4      | Killed Eustachio
  2483 | D:4      | Reached XP level 7. HP: 31/60 MP: 6/6
  2996 | D:5      | Entered Level 5 of the Dungeon
  2996 | D:5      | Found Beputib's General Store.
  3109 | D:5      | Reached skill level 5 in Fighting
  3205 | D:5      | Found a basalt altar of Yredelemnul.
  3256 | D:5      | Reached skill level 5 in Shields
  3256 | D:5      | Reached XP level 8. HP: 47/68 MP: 7/7
  3265 | D:5      | Found Tagunoust's General Store.
  3279 | D:5      | Found Qysozeit's General Store.
  3415 | D:5      | Found a white marble altar of Elyvilon.
  3601 | D:6      | Noticed Sigmund
  3607 | D:6      | Killed Sigmund
  3640 | D:6      | Found a sparkling altar of Nemelex Xobeh.
  3799 | D:6      | Reached skill level 10 in Long Blades
  3807 | D:6      | Found an iron altar of Okawaru.
  3884 | D:6      | Reached ** piety under Trog
  4464 | D:7      | Found a staircase to the Ecumenical Temple.
  4471 | D:7      | Reached XP level 9. HP: 75/75 MP: 8/8
  5065 | D:7      | Reached *** piety under Trog
  5250 | D:8      | Noticed a cyclops
  5317 | D:8      | Found a sand-covered staircase.
  5324 | Ossuary  | Entered an ossuary
  5586 | D:8      | Noticed Gastronok
  5587 | D:8      | Reached skill level 6 in Shields
  5602 | D:8      | Killed Gastronok
  5603 | D:8      | Reached XP level 10. HP: 54/86 MP: 9/9
  5762 | D:8      | Noticed a cyclops
  5767 | D:8      | Noticed a manticore
  5768 | D:8      | Killed a cyclops
  5771 | D:8      | Identified the +6 hunting sling "Yrrih" {flame, rN+ Str-3
                  | Int+5 Dex+4}
  5773 | D:8      | Killed a manticore
  5777 | D:8      | Reached skill level 15 in Long Blades
  5790 | D:8      | Reached **** piety under Trog
  5801 | D:8      | Noticed a cyclops
  5822 | D:8      | Killed a cyclops
  5827 | D:8      | Killed a cyclops
  5956 | D:8      | Identified the ring of Xymipsec {rF+ EV+4 SInv Stlth-}
  6166 | D:8      | Found a large runed translucent door.
  6166 | D:8      | Found a large runed translucent door.
  6168 | D:8      | Noticed Harold
  6169 | D:8      | Noticed a tengu warrior
  6173 | D:8      | Killed Harold
  6173 | D:8      | Noticed a deep elf pyromancer
  6174 | D:8      | Reached skill level 7 in Shields
  6174 | D:8      | Reached XP level 11. HP: 95/95 MP: 10/10
  6263 | D:8      | Found a large runed translucent door.
  6263 | D:8      | Found a large runed translucent door.
  6273 | D:8      | Noticed a seven-headed hydra
  6281 | D:8      | Killed a ten-headed hydra
  6288 | D:8      | Noticed a tengu warrior
  6296 | D:8      | Killed a tengu warrior
  6354 | D:8      | Killed a deep elf pyromancer
  6365 | D:8      | Killed a tengu warrior
  6366 | D:8      | Reached skill level 1 in Bows
  6405 | D:9      | Found a burning altar of Makhleb.
  6405 | D:9      | Found a blossoming altar of Fedhas.
  6416 | D:9      | Reached skill level 8 in Shields
  6473 | D:9      | Found a glowing golden altar of the Shining One.
  6508 | D:9      | Found a staircase to the Orcish Mines.
  6542 | D:9      | Reached skill level 9 in Shields
  6586 | D:9      | Reached skill level 10 in Fighting
  6657 | D:9      | Reached skill level 10 in Shields
  6703 | D:9      | Found a staircase to the Lair.
  6724 | D:9      | Noticed a two-headed ogre
  6733 | D:9      | Killed a two-headed ogre
  6734 | D:9      | Reached skill level 10 in Armour
  6831 | D:9      | Reached skill level 11 in Shields
  6836 | D:9      | Reached ***** piety under Trog
  6951 | D:9      | Reached XP level 12. HP: 106/106 MP: 11/11
  7414 | D:5      | Bought a scroll of enchant armour for 105 gold pieces
  7427 | D:5      | Bought a +2 tower shield of protection for 322 gold pieces
  7579 | Lair:1   | Entered Level 1 of the Lair of Beasts
  7752 | Lair:1   | Reached skill level 12 in Shields
  8085 | Lair:1   | Found a runed translucent gate.
  8085 | Lair:1   | Found a runed translucent gate.
  8085 | Lair:1   | Found a runed translucent gate.
  8086 | Lair:1   | Noticed a ten-headed hydra
  8086 | Lair:1   | Noticed Ecyzas's ghost (journeyman TeCj)
  8087 | Lair:1   | Noticed a nine-headed hydra
  8259 | Lair:1   | Reached skill level 13 in Shields
  8580 | Lair:2   | Reached skill level 14 in Shields
  8591 | Lair:2   | Noticed a four-headed hydra
  8603 | Lair:2   | Killed a one-headed hydra
  8689 | Lair:2   | Reached skill level 15 in Shields
  8801 | Lair:2   | Found a frozen archway.
  8818 | IceCv    | Entered an ice cave
  8819 | IceCv    | Found a transporter.
  8825 | IceCv    | Reached skill level 5 in Bows
  8825 | IceCv    | Received a gift from Trog
  8860 | IceCv    | Found a transporter.
  8918 | Lair:2   | Reached skill level 16 in Shields
  9098 | Lair:2   | Noticed a four-headed hydra
  9106 | Lair:2   | Killed a one-headed hydra
  9675 | Lair:3   | Reached XP level 13. HP: 106/116 MP: 12/12
  9688 | Lair:3   | Reached skill level 17 in Shields
 10033 | Lair:3   | Found a staircase to the Snake Pit.
 10064 | Lair:3   | Found a runed translucent door.
 10065 | Lair:3   | Found a shimmering altar of Xom.
 10065 | Lair:3   | Found a staircase to the Shoals.
 10065 | Lair:3   | Noticed Esoa's ghost (journeyman DsMo)
 10127 | Lair:3   | Identified the +6 long sword of the Coward {chaos, rC-
                  | Will++}
 10163 | Lair:3   | Killed Esoa's ghost
 10303 | Lair:3   | Received a gift from Trog
 10639 | Lair:3   | Reached skill level 18 in Shields
 11290 | Lair:4   | You fall into a shaft and drop 2 floors!
 11290 | Lair:6   | Entered Level 6 of the Lair of Beasts
 11327 | Lair:6   | Slain by a cane toad

Illustrated notes

Levels and vault maps discovered:
D:1:      mushboom_english_gardens, layout_loops_ring, minmay_box_of_dots
D:2:      layout_rooms, hellmonk_ecumenical_altar_heavens_door,
          serial_park_tiny_pond
D:3:      layout_basic, mainiacjoe_overflow_big_doors, minmay_pentomino_pile,
          uniq_crazy_yiuf_cottage
D:4:      layout_gridville, lemuel_crystal_altar, grunt_ministairs_13,
          uniq_eustachio
D:5:      layout_cave_pools, general_overflow_altar,
          nicolae_overflow_hidden_temple, mainiacjoe_overflow_alcove_2,
          serial_shops, nicolae_shop_trees,
          nicolae_shop_temple_entry_statues_fountains, nicolae_shop_trees,
          roderic_roman_lattice
D:6:      layout_rooms, overflow_temple_1_default, nemelex_spade_bored_becter,
          minmay_misc_feat_rugged, uniq_sigmund
D:7:      corexii_shack_village, layout_basic, minmay_temple_entry_glass
D:8:      minmay_the_grid_four_pointed_star
          [minmay_the_grid_triangle_9x9_limited_checkers,
          minmay_the_grid_triangle_9x9_thin_v,
          minmay_the_grid_triangle_9x9_stretched_checkered,
          minmay_the_grid_triangle_9x9_alien,
          minmay_the_grid_prize_four_corners_diamond_a], layout_rooms,
          nicolae_ossuary_entry_giza, minmay_hollow_rounded_squares,
          uniq_gastronok, uniq_harold
D:9:      layout_irregular_city, chequers_temple_overflow_statue_of_worship,
          lair_entry_dummy, kennysheep_orc_monster_closet_entryway
Lair:1:   layout_regular_city, gammafunk_ghost_hydra_chop
Lair:2:   layout_layer_cave, portal_ice_cave_entry_imps
Lair:3:   layout_layer_cave, minmay_shoals_entry_beasts,
          minmay_snake_entry_guardpost_small, ebering_ghost_xom,
          beast_lair_carwin_8
Lair:4:   layout_cave_pods
Lair:6:   minmay_lair_end_frog_pond, layout_regular_city, slime_altar_1,
          bobbens_ice_dragon_lair, uniq_snorg

Skill      XL: |  1  2  3  4  5  6  7  8  9 10 11 12 13 |
---------------+----------------------------------------+-----
Long Blades    | 3 4 6 7 9 11 14 16 17 | 17.4
Armour         | 4 5 6 7 8 10 11 12 | 12.2
Fighting       | 4 5 6 7 8 10 11 12 | 12.4
Shields        | 4 5 6 7 11 16 18 | 18.7
Bows           | 3 5 |  5.5

Action                   |  1- 3 |  4- 6 |  7- 9 | 10-12 | 13-15 || total
-------------------------+-------+-------+-------+-------+-------++-------
Melee: Long sword        |    57 |       |       |    10 |    24 ||    91
       Headbutt          |     9 |    11 |    46 |   128 |    65 ||   259
       Demon blade       |     2 |    80 |   277 |   473 |   213 ||  1045
Invok: Renounce Religion |     1 |       |       |       |       ||     1
       Berserk           |       |     1 |     2 |     6 |     1 ||    10
       Trog's Hand       |       |       |     1 |     8 |     2 ||    11
       Brothers in Arms  |       |       |       |     1 |       ||     1
  Use: Scroll            |     4 |     5 |     4 |    17 |     4 ||    34
       Potion            |       |     1 |       |       |       ||     1
Armor: Scale mail        |    16 |       |       |       |       ||    16
       Chain mail        |       |    59 |    54 |       |       ||   113
       Plate armour      |       |       |    73 |   231 |   114 ||   418
Dodge: Dodged            |    23 |    39 |    65 |   201 |    93 ||   421
Block: Buckler           |    19 |    27 |    43 |    29 |       ||   118
       Reflection        |     3 |       |       |       |       ||     3
       Kite shield       |       |       |       |   337 |   212 ||   549

Table legend: (Time is in decaauts)
 A = Elapsed time spent in this place.
 B = Non-inter-level travel time spent in this place.
 C = Inter-level travel time spent in this place.
 D = Time resting spent in this place.
 E = Time spent auto-exploring this place.
 F = Levels seen in this place.
 G = Mean time per level.
                   A        B        C        D        E       F      G
               +--------+--------+--------+--------+--------+-----+--------+
         Total |  11127 |   9260 |   1867 |      0 |   6900 |  16 |  695.4 |
       Dungeon |   7314 |   5884 |   1430 |      0 |   4423 |   9 |  812.7 |
          Lair |   3506 |   3069 |    437 |      0 |   2477 |   5 |  701.2 |
       Ossuary |    228 |    228 |      0 |      0 |      0 |   1 |  228.0 |
      Ice Cave |     78 |     78 |      0 |      0 |      0 |   1 |   78.0 |
               +--------+--------+--------+--------+--------+-----+--------+

Top non-repeatable levels by time:
  Lair:3: 1298 daAuts
     D:7: 1169 daAuts
  Lair:2: 991 daAuts
     D:4: 981 daAuts
     D:8: 931 daAuts
     D:9: 923 daAuts
     D:3: 844 daAuts
  Lair:1: 835 daAuts
     D:1: 813 daAuts
     D:5: 635 daAuts
     D:6: 629 daAuts
     D:2: 386 daAuts
  Lair:4: 353 daAuts
 Ossuary: 228 daAuts
   IceCv: 78 daAuts
